 Dungeon Crawl Stone Soup version 0.26-a0-854-gdc81c2f471 (webtiles) character file.

Game seed: 5062087718542276247

2265 Gargoyl the Skirmisher (level 9, 0/74 HPs)
             Began as a Gnoll Abyssal Knight on Nov 24, 2020.
             Was an Elder of Lugonu.
             Slain by a two-headed ogre
             ... wielding a +0 giant club
              (18 damage)
             ... on level 8 of the Dungeon.
             The game lasted 00:10:13 (7323 turns).

Gargoyl the Skirmisher (Gnoll Abyssal Knight)       Turns: 7323, Time: 00:10:14

Health: 0/74       AC: 17    Str: 18    XL:     9   Next: 38%
Magic:  15/15      EV:  8    Int: 14    God:    Lugonu [****..]
Gold:   225        SH:  0    Dex: 18    Spells: 16/16 levels left

rFire    + . .     SeeInvis .   a - +4 hand axe
rCold    . . .     Faith    .   (no shield)
rNeg     . . .     Spirit   .   u - +0 plate armour
rPois    +         Reflect  .   (no helmet)
rElec    .         Harm     .   g - scarf {repulsion}
rCorr    .         Rampage  .   k - +1 pair of gloves {Dex+3}
MR       .....                  c - +1 pair of boots
Stlth    ..........             b - amulet of the acrobat
HPRegen  0.22/turn              o - ring of protection from fire
MPRegen  0.14/turn              A - ring of poison resistance

@: repel missiles
A: distributed training, fangs 1, strong nose
a: Depart the Abyss, Bend Space, Banish, Corrupt, Renounce Religion


You were on level 8 of the Dungeon.
You worshipped Lugonu.
Lugonu was greatly pleased with you.
You visited 1 branch of the dungeon, and saw 8 of its levels.
You visited the Abyss 1 time.

You collected 538 gold pieces.
You spent 313 gold pieces at shops.

Inventory:

Hand Weapons
 a - a +4 hand axe (weapon)
 t - a +1 falchion of holy wrath
Missiles
 r - 35 poisoned darts (quivered)
Armour
 c - a +1 pair of boots (worn)
 g - a scarf of repulsion (worn)
 k - a +1 pair of gloves of dexterity (worn)
 u - a +0 plate armour (worn)
Jewellery
 b - an amulet of the acrobat (around neck)
 o - a ring of protection from fire (left hand)
 A - a ring of poison resistance (right hand)
Wands
 n - a wand of acid (22)
 w - a wand of random effects (23)
 z - a wand of digging (7)
 E - a wand of flame (21)
Scrolls
 i - a scroll of identify
 l - a scroll of magic mapping
 m - 4 scrolls of blinking
 s - 5 scrolls of teleportation
Potions
 d - a potion of brilliance
 e - 3 potions of haste
 h - 2 potions of heal wounds
 j - a potion of ambrosia {unknown}
 p - a potion of invisibility {unknown}
 q - 2 potions of curing
 v - a potion of flight


   Skills:
 + Level 7.8 Fighting
 + Level 4.2 Short Blades
 + Level 4.2 Long Blades
 + Level 6.3 Axes
 + Level 4.2 Maces & Flails
 + Level 4.2 Polearms
 + Level 4.2 Staves
 + Level 4.2 Slings
 + Level 4.2 Bows
 + Level 4.2 Crossbows
 + Level 4.2 Throwing
 + Level 6.3 Armour
 + Level 5.0 Dodging
 + Level 4.2 Stealth
 + Level 4.2 Shields
 + Level 4.2 Unarmed Combat
 + Level 4.2 Spellcasting
 + Level 3.4 Conjurations
 + Level 3.4 Hexes
 + Level 3.4 Summonings
 + Level 3.4 Necromancy
 + Level 3.4 Translocations
 + Level 3.4 Transmutations
 + Level 3.4 Fire Magic
 + Level 3.4 Ice Magic
 + Level 3.4 Air Magic
 + Level 3.4 Earth Magic
 + Level 3.4 Poison Magic
 + Level 6.6 Invocations
 + Level 4.2 Evocations


You had 16 spell levels left.
You didn't know any spells.
Your spell library contained the following spells:

 Spells                   Type           Power        Failure   Level
 Shock                    Conj/Air       ##..         80%         1
 Summon Small Mammal      Summ           ##..         80%         1
 Call Imp                 Summ           ##......     91%         2
 Swiftness                Air            ##......     91%         2
 Call Canine Familiar     Summ           ##......     99%         3
 Static Discharge         Conj/Air       ##......     99%         3
 Summon Guardian Golem    Hex/Summ       ##......     99%         3
 Airstrike                Air            ##........   100%        4
 Summon Ice Beast         Ice/Summ       ##......     100%        4
 Summon Lightning Spire   Summ/Air       ##......     100%        4
 Lightning Bolt           Conj/Air       ##........   100%        5


Dungeon Overview and Level Annotations

Branches:
Dungeon (8/15)             Temple (0/1) D:4
   Lair: D:8-11

Altars:
Gozag
Makhleb
Uskayaw
Vehumet
Xom

Shops:
D:4 =   D:5 ?   D:6 *   D:7 (


Innate Abilities, Weirdness & Mutations

Your experience applies equally to all skills.
You have very sharp teeth.
Your uncanny sense of smell can sniff out nearby items.


Message History

The two-headed ogre is poisoned.
The two-headed ogre is lightly wounded.
The two-headed ogre hits you with a +0 giant club!
The two-headed ogre hits you with a +0 giant spiked club!
You hit the two-headed ogre.
You bite the two-headed ogre, but do no damage.
The two-headed ogre is lightly wounded.
You slash the two-headed ogre!
The two-headed ogre is moderately wounded.
The two-headed ogre hits you with a +0 giant club!
The two-headed ogre hits you with a +0 giant spiked club!!
You hit the two-headed ogre. You bite the two-headed ogre.
The two-headed ogre is heavily wounded.
The two-headed ogre hits you with a +0 giant club!
* * * LOW HITPOINT WARNING * * *
The two-headed ogre barely misses you.
Unknown command.
There is a stone staircase leading up here.
The two-headed ogre hits you with a +0 giant club!!
You die...

#..#########(.....§≈≈
#.^.(.....(....≈≈≈§≈
#..######....≈≈§§§≈≈
#........!..≈≈§§≈≈≈§
#...#......§§§§≈≈≈≈≈
#...#.##...§§≈§§≈...
#...#.#...≈≈≈≈§...##
#.#O#.#...≈≈≈≈§..##
#.#@#.#..§§≈≈≈..#$∆∆
#.#...#.§§§§§§§#
#.÷...#.§≈≈≈§≈§##
####.##...≈≈≈≈§.# ∆∆
#..#...≈≈§§§§.###
#......≈≈≈≈≈...##
#.......≈§≈≈≈§...
#..>....≈§§≈§≈≈≈≈
#....#...§≈≈§≈§≈≈


You could see a two-headed ogre.

Vanquished Creatures
  An orc warrior (D:8)
  A sky beast (D:2)
  5 ogres
  2 phantoms
  A necrophage (D:5)
  2 centaurs
  A big kobold (D:7)
  Blork the orc (D:6)
  2 bullfrogs (D:7)
  3 scorpions
  A howler monkey (D:5)
  A jelly (D:5)
  A bullfrog zombie (D:6)
  2 hounds
  2 orc priests
  2 orc wizards
  An iguana (D:5)
  2 worker ants
  A hound skeleton (D:5)
  2 worker ant zombies
  6 gnolls
  17 adders
  A howler monkey skeleton (D:7)
  A shadow imp (D:5)
  A white imp (D:8)
  An ufetubus (D:7)
  An ooze (D:2)
  An adder skeleton (D:4)
  8 worms
  3 leopard geckos
  13 orcs
  2 ball pythons
  6 giant cockroaches
  15 goblins
  6 hobgoblins
  11 jackals
  A quokka (D:7)
  7 bats
  5 frilled lizards
  A jackal zombie (D:7)
  21 kobolds
  A leopard gecko skeleton (D:4)
  8 rats
  A bush (D:6)
172 creatures vanquished.

Vanquished Creatures (others)
  A centaur (D:6)
  A rat (D:3)
  9 plants
11 creatures vanquished.

Grand Total: 183 creatures vanquished

Notes
Turn   | Place    | Note
-------+----------+-------------------------------------------
     0 | Abyss:1  | Gargoyl the Gnoll Abyssal Knight began the quest for the
                  | Orb.
     0 | Abyss:1  | Reached XP level 1. HP: 23/23 MP: 3/3
    86 | Abyss:2  | Found a hide-covered altar of Uskayaw.
    93 | Abyss:2  | Found a broken altar of Ashenzari.
   100 | Abyss:2  | Noticed a sixfirhy
   105 | D:1      | Escaped the Abyss
   241 | D:1      | Reached * piety under Lugonu
   324 | D:1      | Reached XP level 2. HP: 23/29 MP: 5/5
  1206 | D:2      | Reached XP level 3. HP: 35/35 MP: 6/6
  1218 | D:2      | Reached skill level 1 in Short Blades
  1218 | D:2      | Reached skill level 1 in Long Blades
  1218 | D:2      | Reached skill level 1 in Maces & Flails
  1218 | D:2      | Reached skill level 1 in Polearms
  1218 | D:2      | Reached skill level 1 in Staves
  1218 | D:2      | Reached skill level 1 in Slings
  1218 | D:2      | Reached skill level 1 in Bows
  1218 | D:2      | Reached skill level 1 in Crossbows
  1218 | D:2      | Reached skill level 1 in Throwing
  1218 | D:2      | Reached skill level 1 in Stealth
  1218 | D:2      | Reached skill level 1 in Shields
  1218 | D:2      | Reached skill level 1 in Unarmed Combat
  1218 | D:2      | Reached skill level 1 in Spellcasting
  1218 | D:2      | Reached skill level 1 in Evocations
  1353 | D:2      | Reached XP level 4. HP: 35/41 MP: 7/7
  1552 | D:2      | Noticed a sky beast
  1566 | D:2      | Reached skill level 1 in Conjurations
  1566 | D:2      | Reached skill level 1 in Hexes
  1566 | D:2      | Reached skill level 1 in Summonings
  1566 | D:2      | Reached skill level 1 in Necromancy
  1566 | D:2      | Reached skill level 1 in Translocations
  1566 | D:2      | Reached skill level 1 in Transmutations
  1566 | D:2      | Reached skill level 1 in Fire Magic
  1566 | D:2      | Reached skill level 1 in Ice Magic
  1566 | D:2      | Reached skill level 1 in Air Magic
  1566 | D:2      | Reached skill level 1 in Earth Magic
  1566 | D:2      | Reached skill level 1 in Poison Magic
  1566 | D:2      | Killed a sky beast
  1567 | D:2      | Reached XP level 5. HP: 45/47 MP: 8/8
  1878 | D:2      | Found a radiant altar of Vehumet.
  1904 | D:2      | Reached ** piety under Lugonu
  1905 | D:2      | Reached skill level 5 in Invocations
  1914 | D:2      | Reached XP level 6. HP: 52/53 MP: 9/9
  2042 | D:2      | Found a burning altar of Makhleb.
  2157 | D:3      | Found a hide-covered altar of Uskayaw.
  2216 | D:3      | Reached skill level 5 in Axes
  2216 | D:3      | Reached skill level 5 in Armour
  2689 | D:3      | Noticed a phantom
  2692 | D:3      | Reached *** piety under Lugonu
  2738 | D:3      | Killed a phantom
  2739 | D:3      | Reached XP level 7. HP: 24/59 MP: 10/10
  3076 | D:3      | Found a shimmering altar of Xom.
  3351 | D:4      | Found a staircase to the Ecumenical Temple.
  3362 | D:4      | Reached skill level 7 in Fighting
  3638 | D:4      | Found Utuppist's Jewellery Emporium.
  3645 | D:4      | Bought an uncursed ring of poison resistance for 280 gold
                  | pieces
  4169 | D:5      | Entered Level 5 of the Dungeon
  4194 | D:5      | Reached XP level 8. HP: 65/67 MP: 12/12
  4276 | D:5      | HP: 2/67 [orc/+0 trident (2)]
  4619 | D:5      | Found Buraifie's Magic Scroll Boutique.
  4638 | D:5      | Bought a scroll of teleportation for 33 gold pieces
  5456 | D:6      | Reached **** piety under Lugonu
  5692 | D:6      | Found Gozag's Platinum Reserve.
  6004 | D:6      | Found an opulent altar of Gozag.
  6168 | D:6      | Noticed Blork the orc
  6178 | D:6      | Killed Blork the orc
  6179 | D:6      | Reached XP level 9. HP: 64/72 MP: 14/14
  6569 | D:7      | Found Sief's Antique Weapon Boutique.
  7019 | D:8      | Reached skill level 5 in Dodging
  7303 | D:8      | Noticed a two-headed ogre
  7323 | D:8      | Slain by a two-headed ogre

Illustrated notes

Levels and vault maps discovered:
D:1:      minmay_arrival_stair_chambers, layout_basic, minmay_misc_feat_hallway
D:2:      layout_rooms, lightli_temple_of_fire, lemuel_round_altar,
          lexackson_kobold_supper
D:3:      layout_loops_ring, xom_butterflies, overflow_temple_1_default
D:4:      layout_basic, minmay_temple_entry_gardened_gates, serial_shops, shop,
          hangedman_decor_riveting, chequers_jeans
D:5:      layout_basic, serial_shops, shop, hangedman_decor_growths
D:6:      layout_basic, nicolae_gozag_zags_fifth_avenue,
          kb_lookout_dungeons_type, uniq_blork_the_orc
D:7:      layout_loops_ring, serial_shops, shop
D:8:      layout_basic, serial_shops, nicolae_shop_stone, minmay_lindwurm_lava

Skill      XL: |  1  2  3  4  5  6  7  8  9 |
---------------+----------------------------+-----
Short Blades   | 1 2 3 4 |  4.2
Long Blades    | 1 2 3 4 |  4.2
Maces & Flails | 1 2 3 4 |  4.2
Polearms       | 1 2 3 4 |  4.2
Staves         | 1 2 3 4 |  4.2
Slings         | 1 2 3 4 |  4.2
Bows           | 1 2 3 4 |  4.2
Crossbows      | 1 2 3 4 |  4.2
Throwing       | 1 2 3 4 |  4.2
Stealth        | 1 2 3 4 |  4.2
Shields        | 1 2 3 4 |  4.2
Unarmed Combat | 1 2 3 4 |  4.2
Spellcasting   | 1 2 3 4 |  4.2
Evocations     | 1 2 3 4 |  4.2
Conjurations   | 1 2 3 |  3.4
Hexes          | 1 2 3 |  3.4
Summonings     | 1 2 3 |  3.4
Necromancy     | 1 2 3 |  3.4
Translocations | 1 2 3 |  3.4
Transmutations | 1 2 3 |  3.4
Fire Magic     | 1 2 3 |  3.4
Ice Magic      | 1 2 3 |  3.4
Air Magic      | 1 2 3 |  3.4
Earth Magic    | 1 2 3 |  3.4
Poison Magic   | 1 2 3 |  3.4
Dodging        | 3 4 5 |  5.0
Invocations    | 5 6 |  6.6
Axes           | 5 6 |  6.3
Armour         | 5 6 |  6.3
Fighting       | 7 |  7.8

Action                   |  1- 3 |  4- 6 |  7- 9 || total
-------------------------+-------+-------+-------++-------
Melee: Hand axe          |    67 |   182 |   370 ||   619
       Bite              |     6 |    18 |    68 ||    92
       Punch             |     1 |       |    13 ||    14
Throw: Dart              |       |       |    22 ||    22
Invok: Depart the Abyss  |     1 |       |       ||     1
  Use: Scroll            |     7 |     2 |    11 ||    20
       Potion            |     1 |       |     1 ||     2
Armor: Leather armour    |    17 |       |       ||    17
       Chain mail        |    16 |    67 |       ||    83
       Plate armour      |       |    24 |   225 ||   249
Dodge: Dodged            |    43 |    92 |   175 ||   310
       Repelled          |       |       |     1 ||     1

Table legend: (Time is in decaauts)
 A = Elapsed time spent in this place.
 B = Non-inter-level travel time spent in this place.
 C = Inter-level travel time spent in this place.
 D = Time resting spent in this place.
 E = Time spent auto-exploring this place.
 F = Levels seen in this place.
 G = Mean time per level.
                   A        B        C        D        E       F      G
               +--------+--------+--------+--------+--------+-----+--------+
         Total |   7335 |   7176 |    159 |    533 |   5125 |  10 |  733.5 |
       Dungeon |   7230 |   7071 |    159 |    533 |   5066 |   8 |  903.8 |
         Abyss |    104 |    104 |      0 |      0 |     59 |   2 |   52.0 |
               +--------+--------+--------+--------+--------+-----+--------+

Top non-repeatable levels by time:
     D:5: 1260 daAuts
     D:3: 1196 daAuts
     D:1: 1078 daAuts
     D:2: 981 daAuts
     D:4: 822 daAuts
     D:6: 810 daAuts
     D:7: 733 daAuts
     D:8: 347 daAuts
 Abyss:1: 60 daAuts
 Abyss:2: 44 daAuts
